 Dungeon Crawl Stone Soup version 0.19.5 (webtiles) character file.

259 strmesko the Conjurer (level 5, -3/28 HPs)
             Began as a Deep Elf Wizard on Apr 8, 2017.
             Slain by a hound (6 damage)
             ... on level 4 of the Dungeon.
             The game lasted 00:20:21 (3580 turns).

strmesko the Conjurer (Deep Elf Wizard)             Turns: 3580, Time: 00:20:22

Health: -3/28      AC:  5    Str:  4    XL:     5   Next: 95%
Magic:  1/15       EV: 13    Int: 24    God:
Gold:   119        SH:  0    Dex: 13    Spells: 5 memorised, 4 levels left

rFire  . . .     SeeInvis .     j - +0 dagger
rCold  . . .     Gourm    .     a - +0 robe
rNeg   . . .     Faith    .     (no shield)
rPois  .         Spirit   .     b - +0 hat
rElec  .         Reflect  .     (no cloak)
rCorr  .         Harm     .     o - +2 pair of gloves
MR     .....     Rnd*Tele +     (no boots)
Stlth  ++........               q - amulet of inaccuracy (curse)
                                (no ring)
                                l - ring of teleportation (curse)

@: very slightly contaminated, repel missiles
A: no striking features
a: no special abilities


You were on level 4 of the Dungeon.
You were not hungry.

You visited 1 branch of the dungeon, and saw 4 of its levels.

You collected 119 gold pieces.

Inventory:

Hand Weapons
 j - a +0 dagger (weapon)
Armour
 a - a +0 robe (worn)
 b - a +0 hat (worn)
 o - a +2 pair of gloves (worn)
Jewellery
 l - a cursed ring of teleportation (left hand)
 q - a cursed amulet of inaccuracy (around neck)
 s - a +4 ring of intelligence {unknown}
 t - a cursed amulet of faith {unknown}
Scrolls
 n - a scroll of teleportation
 p - 2 scrolls of enchant armour
Potions
 e - a potion of degeneration {unknown}
 f - a potion of mutation {unknown}
 g - a potion of curing {unknown}
 i - a potion of heal wounds {unknown}
 k - 2 potions of cure mutation
 m - a potion of brilliance {unknown}
Books
 c - a book of Minor Magic

   Spells                             Type                      Level
   a - Magic Dart                     Conjuration                  1
   b - Blink                          Translocation                2
   c - Call Imp                       Summoning                    2
   d - Repel Missiles                 Charms/Air                   2
   e - Slow                           Hexes                        2
   f - Conjure Flame                  Conjuration/Fire             3
   g - Mephitic Cloud                 Conjuration/Poison/Air       3
Comestibles
 d - 2 bread rations
 h - 2 fruits
 r - a beef jerky


   Skills:
 - Level 2.4 Dodging
 - Level 2.4 Stealth
 + Level 5.5 Spellcasting
 + Level 5.9 Conjurations
   Level 1.1 Summonings
 - Level 1.1 Translocations


You had 4 spell levels left.
You knew the following spells:

 Your Spells              Type           Power        Failure   Level  Hunger
a - Magic Dart            Conj           ####         1%          1    None
b - Blink                 Tloc           N/A          12%         2    None
c - Repel Missiles        Chrm/Air       #.....       14%         2    None
d - Conjure Flame         Conj/Fire      ###.....     10%         3    #......
e - Mephitic Cloud        Conj/Pois/Air  ###.....     14%         3    #......


Dungeon Overview and Level Annotations

Branches:
Dungeon (4/15)
 Temple: D:4-7

Altars:

Annotations:
D:3 orionx's ghost, amateur HaHu
D:4 Edmund


Message History

You hit the orc wizard.
The orc wizard is moderately wounded.
Casting: Mephitic Cloud
Confirm with . or Enter, or press ? or * to list all spells.
Aiming: Magic Dart
Press: ? - help, Shift-Dir - straight line, f - orc wizard
Aim: an orc wizard, wielding a dagger and wearing a robe (noxious fumes, moderately wounded, confused)
The magic dart hits the orc wizard.
The orc wizard is severely wounded.
The orc wizard is engulfed in noxious fumes.
The orc hits the orc wizard with a flail.
The orc wizard is killed!
You hit the ooze but do no damage. The ooze barely misses you.
The hound barely misses you. The hound bites you.
* * * LOW HITPOINT WARNING * * *
The ooze hits you.
* * * LOW HITPOINT WARNING * * *
Found 14 gold pieces.
The ooze barely misses you. The hound bites you.
You die...

.. ........$ . .
........ h# ..
#.#....# .##..#
##......# .....
.......## .<#
......# ..#
##.####....# %.#
...........# ##
##..###.J@.# ..
........h#......#
..@.
.........##.....#
.### .........#
...... ...
...o.....# .....
#### .....))###
..... ##.##..
#... #. o.. ...
....


You could see a hound, an orc priest (confused), an ooze and an orc (confused).

Vanquished Creatures
  A phantom (D:3)
  An orc wizard (D:4)
  6 adders
  3 worms
  A dart slug (D:2)
  3 leopard geckos
  3 orcs (D:4)
  2 ball pythons
  5 giant cockroaches
  10 goblins
  9 hobgoblins
  3 jackals (D:2)
  4 kobolds
  3 quokkas
  7 bats
  A frilled lizard (D:2)
  5 rats
67 creatures vanquished.

Notes
Turn   | Place    | Note
-------+----------+-------------------------------------------
     0 | D:1      | strmesko the Deep Elf Wizard began the quest for the Orb.
     0 | D:1      | Reached XP level 1. HP: 10/10 MP: 7/7
   386 | D:1      | Reached skill level 5 in Spellcasting
   418 | D:1      | Reached XP level 2. HP: 15/15 MP: 3/10
   422 | D:1      | Learned a level 2 spell: Blink
   425 | D:1      | Learned a level 2 spell: Repel Missiles
  1081 | D:2      | Reached XP level 3. HP: 19/19 MP: 8/11
  1086 | D:2      | Learned a level 3 spell: Conjure Flame
  1090 | D:2      | Learned a level 3 spell: Mephitic Cloud
  1586 | D:2      | Reached XP level 4. HP: 24/24 MP: 0/13
  2267 | D:3      | Noticed orionx's ghost (amateur HaHu)
  3256 | D:3      | Noticed a phantom
  3288 | D:3      | Killed a phantom
  3288 | D:3      | Reached skill level 5 in Conjurations
  3288 | D:3      | Reached XP level 5. HP: 23/28 MP: 0/15
  3495 | D:4      | Noticed Edmund
  3580 | D:4      | Slain by a hound

Skill      XL: |  1  2  3  4 |
---------------+-------------+-----
Spellcasting   | 5 |  5.5
Conjurations   | 2 3 5 |  5.9
Dodging        | |  2.4
Stealth        | |  2.4
Summonings     | |  1.1
Translocations | |  1.1

Action                   |  1- 3 |  4- 6 || total
-------------------------+-------+-------++-------
Melee: Unarmed           |     3 |       ||     3
       Dagger            |    12 |    17 ||    29
 Cast: Magic Dart        |    94 |    97 ||   191
       Mephitic Cloud    |     2 |     6 ||     8
       Blink             |     1 |     2 ||     3
       Conjure Flame     |       |     6 ||     6
       Repel Missiles    |       |     1 ||     1
  Use: Scroll            |       |     5 ||     5
 Stab: Sleeping          |     1 |       ||     1
  Eat: Chunk             |     2 |     6 ||     8
Armor: Robe              |     6 |    12 ||    18
Dodge: Dodged            |    16 |    23 ||    39
       Deflected         |       |     1 ||     1
